 Seeded DCSS version 0.30.1-9-gdf580d7c3d (webtiles) character file.

Game seed: 920673320228942481 (custom seed)

718011 Psyclone the Spry (level 27, -2/189 HPs)
             Began as a Deep Elf Conjurer on Oct 5, 2023.
             Was a High Priest of Ashenzari.
             Killed from afar by a crystal guardian (13 damage)
             ... with a crystal bolt
             ... on level 21 of a ziggurat on Oct 6, 2023.
             The game lasted 06:44:03 (91990 turns).

Psyclone the Spry (Deep Elf Conjurer)              Turns: 91990, Time: 06:44:04

Health: -2/189     AC: 21    Str: 12    XL:     27
Magic:  63/72      EV: 26    Int: 46    God:    Ashenzari [*****.]
Gold:   4338       SH: 25    Dex: 17    Spells: 6/76 levels left

rFire   + . .        a - +3 Elemental Staff {rElec rF+ rC+ AC+3, Elem, Self} (curse)
rCold   + + .        b - +5 kite shield "Overhang to Understand" {rN+, Self, Fort} (curse)
rNeg    + + +        c - +3 robe of the Cursed Shame {rC+ rN+ Dex+4 Archmagi, Self, Bglg} (curse)
rPois   +            d - +2 helmet of Supernal Wisdom {Int+3, Bglg, Elem} (curse)
rElec   +            e - +2 cloak of the Restrained Sorrow {rPois, Bglg, Fort} (curse)
rCorr   +            f - +2 pair of gloves of Ashenzari's Irritation {Str+3, Fort, Bglg} (curse)
SInv    +            g - +1 pair of boots of Apeoromancy {Fly, Cun, Elem} (curse)
Will    +++++        h - amulet of Ashenzari's Negligence {Acrobat Fragile rElec Will+++ MP+9, Elem, Bglg} (curse)
Stlth   ++++         i - ring of Ashenzari's Black Moon {Will++ MP+9 Str+5 Int+2, Self, Bglg} (curse)
HPRegen 0.51/turn    r - ring of Zin's Approval {rN+ rCorr Int+3}
MPRegen 0.43/turn

%: acrobat, clarity, archmagi
@: flying, studying 3 skills
A: large bone plates 1, mutation resistance 1
}: 4/15 runes: decaying, serpentine, slimy, silver
a: Renounce Religion, Curse Item, Shatter the Chains


You were on level 21 of a ziggurat.
You worshipped Ashenzari.
Ashenzari was extremely pleased with you.
You visited 12 branches of the dungeon, and saw 52 of its levels.
You visited 1 bazaar.
You visited 1 ziggurat, and saw 21 of its levels.
You also visited: Trove, Gauntlet, Wizlab and Desolation.

You collected 7164 gold pieces.
You spent 2826 gold pieces at shops.

Inventory:

Hand Weapons
 a - the cursed +3 Elemental Staff (weapon) {rElec rF+ rC+ AC+3, Elem, Self}
   (You acquired it on level 1 of the Dungeon)

   It enhances your fire, ice, earth and air magic.
   AC:        It affects your AC (+3).
   rF:        It protects you from fire.
   rC:        It protects you from cold.
   rElec:     It insulates you from electricity.
   It has a curse which improves the following skills: Elements: Fire Magic, Ice
   Magic, Air Magic and Earth Magic.
   Introspection: Fighting and Spellcasting.
Armour
 b - the cursed +5 kite shield "Overhang to Understand" (worn) {rN+, Self, Fort}
   (You took it off a naga warrior on level 1 of the Snake Pit)

   It has a curse which improves the following skills: Introspection: Fighting
   and Spellcasting.
   Fortitude: Armour and Shields.
 c - the cursed +3 robe of the Cursed Shame (worn) {rC+ rN+ Dex+4 Archmagi, Self, Bglg}
   (You found it on level 2 of the Swamp)

   Dex:       It affects your dexterity (+4).
   rC:        It protects you from cold.
   rN:        It protects you from negative energy.
   Archmagi:  It increases the power of your magical spells.
   It has a curse which improves the following skills: Introspection: Fighting
   and Spellcasting.
   Beguiling: Conjurations, Hexes and Translocations.
 d - the cursed +2 helmet of Supernal Wisdom (worn) {Int+3, Bglg, Elem}
   (You found it in a Gauntlet)

   It has a curse which improves the following skills: Beguiling: Conjurations,
   Hexes and Translocations.
   Elements:  Fire Magic, Ice Magic, Air Magic and Earth Magic.
 e - the cursed +2 cloak of the Restrained Sorrow (worn) {rPois, Bglg, Fort}
   (You took it off Crazy Yiuf on level 2 of the Dungeon)

   It has a curse which improves the following skills: Beguiling: Conjurations,
   Hexes and Translocations.
   Fortitude: Armour and Shields.
 f - the cursed +2 pair of gloves of Ashenzari's Irritation (worn) {Str+3, Fort, Bglg}
   (You found it on level 3 of the Elven Halls)

   It has a curse which improves the following skills: Fortitude: Armour and
   Shields.
   Beguiling: Conjurations, Hexes and Translocations.
 g - the cursed +1 pair of boots of Apeoromancy (worn) {Fly, Cun, Elem}
   (You found it in a Gauntlet)

   It has a curse which improves the following skills: Cunning: Dodging and
   Stealth.
   Elements:  Fire Magic, Ice Magic, Air Magic and Earth Magic.
Jewellery
 h - the cursed amulet of Ashenzari's Negligence (around neck) {Acrobat Fragile rElec Will+++ MP+9, Elem, Bglg}
   (You acquired it on level 1 of the Dungeon)

   [amulet of the acrobat]

   It increases your evasion while moving and waiting.
   rElec:     It insulates you from electricity.
   MP:        It affects your magic capacity (+9).
   Fragile:   It will be destroyed if unequipped.
   Will:      It greatly increases your willpower.
   It has a curse which improves the following skills: Elements: Fire Magic, Ice
   Magic, Air Magic and Earth Magic.
   Beguiling: Conjurations, Hexes and Translocations.
 i - the cursed ring of Ashenzari's Black Moon (left hand) {Will++ MP+9 Str+5 Int+2, Self, Bglg}
   (You acquired it on level 1 of the Dungeon)

   [ring of magical power]

   Str:       It affects your strength (+5).
   Int:       It affects your intelligence (+2).
   MP:        It affects your magic capacity (+9).
   Will:      It greatly increases your willpower.
   It has a curse which improves the following skills: Introspection: Fighting
   and Spellcasting.
   Beguiling: Conjurations, Hexes and Translocations.
 r - the ring of Zin's Approval (right hand) {rN+ rCorr Int+3}
   (You found it in the Desolation of Salt)

   [ring of resist corrosion]

   Int:       It affects your intelligence (+3).
   rN:        It protects you from negative energy.
   rCorr:     It protects you from acid and corrosion.
 F - the amulet of Vitality {RegenMP++ Regen++}
   (You found it in a treasure trove)

   [amulet of magic regeneration]

   It increases your rate of magic regeneration.
   Regen:     It increases your rate of health regeneration.
 J - the ring of the Evening {rF+++ rC+ rCorr Str-4}
   (You found it on level 5 of the Pits of Slime)

   [ring of protection from cold]

   Str:       It affects your strength (-4).
   rF:        It renders you almost immune to fire.
   rC:        It protects you from cold.
   rCorr:     It protects you from acid and corrosion.
 R - the amulet of Xinuvaj {rN+ Regen+ Str+2}
   (You found it on level 17 of a ziggurat)

   [amulet of regeneration]

   Str:       It affects your strength (+2).
   rN:        It protects you from negative energy.
   Regen:     It increases your rate of health regeneration.
 T - the amulet of the Four Winds {rN+ Will+++ Clar}
   (You found it on level 10 of a ziggurat)

   [amulet of nothing]

   rN:        It protects you from negative energy.
   Clar:      It protects you from confusion, rage, mesmerisation and fear.
   Will:      It greatly increases your willpower.
Wands
 k - a wand of light (33)
 v - a wand of mindburst (59)
 w - a wand of paralysis (102)
 C - a wand of polymorph (62)
 N - a wand of flame (122)
 O - a wand of digging (43)
 P - a wand of roots (78)
Scrolls
 j - 4 scrolls of enchant armour
 l - 17 scrolls of fog
 t - 14 scrolls of poison
 x - 10 scrolls of fear
 y - 15 scrolls of blinking
 D - 11 scrolls of vulnerability
 E - 5 scrolls of silence {!r}
 H - 15 scrolls of immolation
 K - 4 scrolls of amnesia
 S - 2 scrolls of summoning
 U - a scroll of brand weapon
 W - 13 scrolls of magic mapping
 X - 41 scrolls of teleportation
Potions
 n - 7 potions of heal wounds
 o - 10 potions of brilliance
 p - 5 potions of berserk rage
 q - 7 potions of lignification
 s - 3 potions of invisibility
 u - 7 potions of magic
 z - 13 potions of curing
 A - 7 potions of ambrosia
 B - 14 potions of might
 G - 14 potions of mutation
 I - 11 potions of haste
 L - 5 potions of resistance
 M - 9 potions of flight
 V - a potion of cancellation
Miscellaneous
 Q - a piece from Xom's chessboard (15/15)


   Skills:
 + Level 19.0(23.8) Fighting
 - Level 4.0(7.8) Armour
 + Level 20.8(22.6) Dodging
 - Level 6.6(8.8) Stealth
 - Level 17.0(21.0) Shields
 - Level 20.3(25.0) Spellcasting
 - Level 18.5(24.9) Conjurations
 - Level 7.0(13.4) Hexes
 - Level 12.4(19.1) Translocations
 - Level 9.0 Transmutations
 - Level 16.1(21.0) Fire Magic
 - Level 20.3(25.0) Ice Magic
 - Level 16.1(21.0) Air Magic
 - Level 16.0(21.0) Earth Magic
 - Level 9.0 Poison Magic


You had 6 spell levels left.
You knew the following spells:

 Your Spells              Type           Power      Damage    Failure   Level
a - Poisonous Vapours     Pois/Air       100%       N/A       0%          2
b - Statue Form           Tmut/Erth      100%       N/A       1%          6
c - Fireball              Conj/Fire      92%        3d34      0%          5
d - Fulminant Prism       Conj/Hex       75%        3d31      0%          4
e - Iskenderun's Mystic   Conj/Tloc      100%       2d19      0%          4
f - Freezing Cloud        Conj/Ice/Air   100%       6-21      0%          5
g - Orb of Destruction    Conj           81%        9d18      0%          7
h - Lehudib's Crystal Sp  Conj/Erth      92%        10d20     1%          8
i - Magic Dart            Conj           100%       1d8       0%          1
j - Passwall              Tmut/Erth      100%       N/A       0%          2
k - Polar Vortex          Ice            95%        N/A       1%          9
q - Blink                 Tloc           100%       N/A       0%          2
r - Swiftness             Air            100%       N/A       0%          3
s - Ignite Poison         Fire/Tmut/Pois 100%       N/A       0%          3
v - Olgreb's Toxic Radia  Pois           100%       N/A       1%          4
x - Irradiate             Conj/Tmut      72%        3d35      0%          5

Your spell library contained the following spells:

 Spells                   Type           Power      Damage    Failure   Level
 Apportation              Tloc           100%       N/A       0%          1
 Beastly Appendage        Tmut           100%       N/A       0%          1
 Foxfire                  Conj/Fire      100%       2x1d9     0%          1
 Freeze                   Ice            100%       1d10      0%          1
 Kiss of Death            Conj/Necr      100%       2d13      0%          1
 Sandblast                Erth           100%       2d20      0%          1
 Shock                    Conj/Air       100%       1d9       0%          1
 Slow                     Hex            100%       N/A       0%          1
 Sting                    Tmut/Pois      100%       1d8       0%          1
 Cigotuvi's Dreadful Rot  Necr/Pois/Air  100%       N/A       0%          2
 Ensorcelled Hibernation  Hex/Ice        100%       N/A       0%          2
 Lesser Beckoning         Tloc           100%       N/A       0%          2
 Scorch                   Fire           100%       2d9       0%          2
 Searing Ray              Conj           100%       2d8       0%          2
 Static Discharge         Conj/Air       100%       2-7/arc   0%          2
 Wereblood                Tmut           100%       N/A       0%          2
 Confusing Touch          Hex            100%       N/A       0%          3
 Dazzling Flash           Conj/Hex       100%       N/A       0%          3
 Frozen Ramparts          Ice            100%       1d16      0%          3
 Gell's Gravitas          Tloc           100%       N/A       0%          3
 Hailstorm                Conj/Ice       100%       3d20      0%          3
 Inner Flame              Hex/Fire       100%       N/A       0%          3
 Mephitic Cloud           Conj/Pois/Air  100%       N/A       0%          3
 Ozocubu's Armour         Ice            100%       N/A       0%          3
 Portal Projectile        Hex/Tloc       100%       N/A       0%          3
 Stone Arrow              Conj/Erth      100%       3d13      0%          3
 Teleport Other           Tloc           100%       N/A       0%          3
 Tukima's Dance           Hex            100%       N/A       0%          3
 Vhi's Electric Charge    Tloc/Air       100%       N/A       0%          3
 Airstrike                Air            90%        2d(13-29) 0%          4
 Cause Fear               Hex            67%        N/A       0%          4
 Flame Wave               Conj/Fire      100%       2d21      0%          4
 Ice Form                 Ice/Tmut       100%       N/A       0%          4
 Leda's Liquefaction      Hex/Erth       85%        N/A       0%          4
 Manifold Assault         Tloc           100%       N/A       0%          4
 Passage of Golubria      Tloc           100%       N/A       0%          4
 Petrify                  Tmut/Erth      100%       N/A       0%          4
 Sticky Flame             Conj/Fire      100%       2d11      0%          4
 Arcjolt                  Conj/Air       92%        1d102     0%          5
 Iskenderun's Battlesphe  Conj           100%       2d15      0%          5
 Metabolic Englaciation   Hex/Ice        88%        N/A       0%          5
 Silence                  Hex/Air        85%        N/A       0%          5
 Conjure Ball Lightning   Conj/Air       92%        3x3d35    0%          6
 Plasma Beam              Fire/Air       100%       2x1d131   0%          6
 Starburst                Conj/Fire      92%        6d23      0%          6
 Necrotise                Necr           100%       1d9       1%          1
 Summon Small Mammal      Summ           100%       N/A       1%          1
 Call Imp                 Summ           100%       N/A       1%          2
 Sublimation of Blood     Necr           72%        N/A       1%          2
 Call Canine Familiar     Summ           72%        N/A       1%          3
 Spider Form              Tmut/Pois      100%       N/A       1%          3
 Summon Guardian Golem    Hex/Summ       100%       N/A       1%          3
 Vampiric Draining        Necr           72%        2d11      1%          3
 Anguish                  Hex/Necr       54%        N/A       1%          4
 Animate Armour           Summ/Erth      100%       N/A       1%          4
 Summon Ice Beast         Ice/Summ       100%       N/A       1%          4
 Summon Lightning Spire   Summ/Air       100%       N/A       1%          4
 Alistair's Intoxication  Tmut/Pois      79%        N/A       1%          5
 Blade Hands              Tmut           59%        N/A       1%          5
 Borgnjor's Vile Clutch   Necr/Erth      74%        N/A       1%          5
 Yara's Violent Unravell  Hex/Tmut       63%        3d24      1%          5
 Dispersal                Tloc           75%        N/A       1%          6
 Simulacrum               Ice/Necr       78%        N/A       1%          6
 Animate Dead             Necr           72%        N/A       3%          4
 Dispel Undead            Necr           72%        3d24      3%          4
 Agony                    Necr           72%        N/A       10%         5
 Death Channel            Necr           36%        N/A       45%         6
 Summon Cactus Giant      Summ           36%        N/A       45%         6
 Ozocubu's Refrigeration  Ice            95%        4d28      0%          7
 Enfeeble                 Hex            67%        N/A       1%          7
 Spellforged Servitor     Conj/Summ      65%        N/A       1%          7
 Storm Form               Tmut/Air       82%        N/A       1%          7
 Disjunction              Tloc           75%        N/A       1%          8
 Ignition                 Fire           90%        3d23      1%          8
 Maxwell's Capacitive Co  Air            90%        ∞         1%          8
 Malign Gateway           Summ/Tloc      60%        N/A       6%          7
 Dragon Form              Tmut           59%        N/A       7%          7
 Discord                  Hex            67%        N/A       9%          8
 Haunt                    Necr/Summ      36%        N/A       96%         7
 Summon Hydra             Summ           36%        N/A       96%         7
 Necromutation            Tmut/Necr      49%        N/A       98%         8
 Borgnjor's Revivificati  Necr           36%        N/A       100%        8
 Infestation              Necr           36%        N/A       100%        8
 Summon Horrible Things   Summ           36%        N/A       100%        8
 Death's Door             Necr           36%        N/A       100%        9
 Dragon's Call            Summ           36%        N/A       100%        9


Dungeon Overview and Level Annotations

Branches:
Dungeon (15/15) Zot: 22534  Temple (1/1) D:6 Zot: 5679    Lair (5/5) D:8 Zot: 21529
  Swamp (4/4) Lair:3 Zot: 19254   Snake (4/4) Lair:3 Zot: 14912   Slime (5/5) Lair:5 Zot: 24931
    Orc (2/2) D:11 Zot: 8536     Elf (3/3) Orc:2 Zot: 11208  Vaults (5/5) D:13 Zot: 16948
  Crypt (3/3) Vaults:3 Zot: 15567  Depths (4/4) D:15 Zot: 13607     Zot (1/5) Depths:4 Zot: 5998
 WizLab (visited)         Desolation (visited)      Gauntlet (visited)
   Tomb: Crypt:3

Altars:
Ashenzari
Cheibriados
Dithmenos
Elyvilon
Fedhas
Gozag
Hepliaklqana
Kikubaaqudgha
Makhleb
Nemelex Xobeh
Okawaru
Qazlal
Ru
Sif Muna
Trog
Uskayaw
Vehumet
Wu Jian
Xom
Yredelemnul
Zin
The Shining One
Lugonu

Shops:
D:3 *:   D:12 [   D:13 (   Orc:1 (   Orc:2 **:?   Snake:1 *   Snake:4 (
Vaults:5 !!!!??   Depths:2 [   Depths:3 ?   Depths:4 ?

Portals:
Hell: Depths:1 Depths:2 Depths:3 Depths:4
Abyss: Depths:3
Pandemonium: Depths:2 Depths:3 Depths:4


Innate Abilities, Weirdness & Mutations

You are partially covered in large bone plates. (SH +4)
You are somewhat resistant to further mutation.


Message History

An entropy weaver comes into view.
A Hell Sentinel comes into view.
The iron giant fires a harpoon shot at you.
You block the harpoon shot.
An entropy weaver comes into view.
The iron giant fires a harpoon shot at you.
The harpoon shot misses you.
The crystal guardian fires a crystalline bolt at you.
The crystal bolt misses you.
The crystal guardian fires a crystalline bolt at you.
The crystal bolt misses you. The Hell Sentinel gestures at you.
The iron shot hits you!!!
You take 56 damage, and have 69/189 hp.
MASSIVE DAMAGE!!
An iron dragon and an earth elemental come into view.
You are engulfed in whirling frost.
The torpor snail falls into the lava!
The torpor snail is incinerated.
The war gargoyle launches metal splinters at you.
The spray of metal splinters hits the earth elemental!!!
The earth elemental is destroyed!
The spray of metal splinters misses you.
A war gargoyle comes into view. It is wielding a +0 dire flail.
The crystal guardian glitters, brittle, in the dim dungeon light.
The iron giant gestures at you while chanting.
The iron shot misses you.
The iron giant throws the entropy weaver at you!
An entropy weaver comes into view.
The entropy weaver gestures at you while chanting.
You block the caustic shrike's attack.
The iron dragon breathes metal splinters at you.
The spray of metal splinters hits you!!!
* * * LOW HITPOINT WARNING * * *
You hear a deafening roar!
You take 58 damage, and have 11/189 hp.
MASSIVE DAMAGE!!
Blink to where?
Press: ? - help, Dir - move target
As you read the scroll of blinking, it crumbles to dust.
You feel yourself speed up. The winds around you calm down.
The crystal guardian fires a crystalline bolt at you.
The crystal bolt freezes you! You resist.
You die...

▓.............▓
▓.............▓
▓▓▓▓▓▓▓▓▓▓▓▓.............▓▓▓ *
▓...........≈§≈§......≈≈≈...
▓...........≈8≈.....).≈8≈...,
▓...........≈≈≈.§9..99≈≈≈... ,
▓...................C.D.B...,
▓..................D.§1D.1.B ,
▓............@.)C...§bCB9.DB
▓∩...............†.B..9.1.9.,
▓................(..).....E.,
▓....................)......,,
▓........................... ,
▓...........≈≈≈.......≈≈≈...,
▓...........≈8≈.......≈8≈... ,
▓...........≈≈≈.......≈≈≈...
▓▓▓▓▓▓▓▓▓▓▓▓.§.......§§ * * *


You could see 2 iron giants, an iron dragon, an entropy weaver and 2 crystal
guardians.

Vanquished Creatures
  the Royal Jelly (Slime:5)
  5 dread liches
  3 ancient liches
  Mara (Depths:1)
  10 juggernauts
  A royal mummy (Zig:9)
  the Lernaean hydra (Swamp:4)
  A Killer Klown (Zig:2)
  Saint Roka (Vaults:1)
  7 caustic shrikes
  Margery (Vaults:5)
  5 golden dragons
  Jory (Vaults:5)
  Nikola (Snake:2)
  5 bone dragons
  3 iron giants
  A Hell Sentinel (Zig:7)
  10 tentacled monstrosities
  2 Brimstone Fiends (Zig:13)
  5 hellephants
  5 liches
  A walking divine tome (Depths:3)
  2 deep elf master archers (Elf:3)
  6 searing wretches (Zig:13)
  Asterion (Vaults:2)
  8 titans
  2 deep elf blademasters (Elf:3)
  17 acid blobs
  The ghost of Yfikh the Bludgeoner, an adept AtFi of Trog (Snake:4)
  3 quicksilver dragons
  10 sphinxes
  8 ancient champions
  The ghost of Psyclone the Eclecticist, an adept OpVM of Gozag (Snake:1)
  Kirke (Snake:3)
  8 tengu reavers
  6 shadow dragons
  21 nagarajas
  11 revenants
  9 azure jellies
  4 storm dragons
  8 rockslimes
  A fenstrider witch (Swamp:1)
  14 fire giants
  4 balrugs
  2 draconian knights (Depths:4)
  2 imperial myrmidons (Desolation)
  19 vault wardens
  12 frost giants
  10 deep elf sorcerers
  5 caustic shrike zombies
  A ghost moth (shapeshifter) (Vaults:5)
  An iron dragon (Depths:3)
  5 spectral caustic shrikes (Depths:4)
  16 ironbound preservers
  3 deep elf elementalists
  6 curse skulls
  4 orc warlords
  A juggernaut zombie (Crypt:2)
  2 spriggan defenders
  8 quicksilver oozes
  12 ghouls
  6 war gargoyles
  11 very ugly things
  A reaper (Zig:12)
  8 ironbound thunderhulks
  12 vampire knights
  28 stone giants
  2 black draconians (Depths:4)
  5 eleionomae
  5 deep elf demonologists
  10 spark wasps
  A spectral titan (WizLab)
  9 dire elephants
  8 deep elf annihilators
  A minotaur (Gauntlet)
  9 bunyips
  A red draconian (Depths:4)
  A yellow draconian (Depths:4)
  6 halazid warlocks
  A spectral quicksilver dragon (WizLab)
  2 purple draconians (Depths:4)
  A white draconian (Depths:4)
  4 green deaths (Zig:18)
  An iron golem (Zig:7)
  6 crystal guardians
  11 deep elf death magi
  15 eidola
  A shambling mangrove (Swamp:3)
  6 merfolk javelineers
  A blizzard demon (Depths:2)
  18 jiangshi
  6 deep elf high priests
  3 mummy priests
  11 fire dragons
  2 quicksilver dragon zombies
  10 great orbs of eyes
  16 yaktaur captains
  21 ettins
  2 merfolk impalers (Zig:10)
  The ghost of BuzzardItera the Severer, a journeyman MiBe of Trog (D:9)
  11 ice dragons
  7 ragged hierophants (Desolation)
  Josephine (D:14)
  Fannar (Lair:1)
  4 entropy weavers
  9 servants of whispers (Desolation)
  Harold (D:10)
  21 salamander tyrants
  5 rakshasas
  4 ogre magi
  5 spriggan air magi
  20 hydras
  34 vault guards
  18 anacondas
  A stoker (Zig:13)
  2 merfolk avatars (Zig:11)
  9 ironbound frosthearts
  6 boulder beetles
  8 ghost crabs
  11 peacekeepers
  2 catoblepae
  An anaconda (shapeshifter) (Zig:20)
  22 two-headed ogres
  24 naga warriors
  12 centaur warriors
  5 alligators
  10 tengu warriors
  31 dancing weapons
  Erica (D:8)
  5 death knights
  A two-headed ogre (shapeshifter) (Vaults:5)
  11 death yaks
  A death scarab (Zig:9)
  3 alligator snapping turtles
  2 satyrs
  7 hell hogs (Depths:1)
  12 deep troll earth magi
  11 deep troll shamans
  2 titan zombies (WizLab)
  17 vampire magi
  Urug (Lair:5)
  26 naga sharpshooters
  7 spriggan berserkers
  An orc high priest (Orc:1)
  15 hell knights
  2 soul eaters
  16 shock serpents
  23 deep elf knights
  2 sixfirhies
  2 skysharks
  3 shadow wraiths
  11 goliath frogs
  A spectral spark wasp (WizLab)
  4 death drakes (Zig:18)
  7 sea snakes
  18 skeletal warriors
  2 golden dragon zombies
  4 salamander mystics
  15 iron trolls
  6 spriggan druids
  3 spark wasp zombies
  A ghost moth zombie (Crypt:1)
  2 death drakes (shapeshifter) (Vaults:5)
  9 naga ritualists
  22 deep elf archers
  14 flayed ghosts
  8 harpies
  A tengu zombie (Depths:3)
  Pikel (D:8)
  51 deep trolls
  14 swamp dragons
  5 glowing orange brains
  An obsidian statue (Snake:1)
  8 lindwurms
  18 bog bodies
  22 ironbound convokers
  A lindwurm (shapeshifter) (Elf:3)
  3 orc knights
  An anaconda skeleton (Crypt:2)
  11 mana vipers
  A steelbarb worm (shapeshifter) (Zig:20)
  A spectral wolf spider (WizLab)
  32 deep elf zephyrmancers
  21 phantasmal warriors
  15 necromancers
  7 wizards
  7 orc sorcerers
  A cyclops (shapeshifter) (Zig:20)
  2 wolf spiders
  9 will-o-the-wisps
  5 fauns
  26 deep elf pyromancers
  28 ugly things
  A mana viper (shapeshifter) (Vaults:5)
  8 manticores
  An iron dragon skeleton (Zig:9)
  5 shadow dragon skeletons
  A draconian zombie (Crypt:2)
  15 salamanders
  7 cyclopes
  2 elephants (shapeshifter)
  3 moths of wrath
  A rust devil (Depths:4)
  3 merfolk sirens
  4 shining eyes
  17 guardian serpents
  4 eyes of devastation
  53 black mambas
  19 elephants
  A black mamba (shapeshifter) (Zig:20)
  A guardian serpent (shapeshifter) (Elf:1)
  20 vault sentinels
  An orange demon (Depths:2)
  28 naga magi
  An apocalypse crab (Zig:2)
  Joseph (D:8)
  5 cane toads
  3 water nymphs (Zig:11)
  A grey draconian zombie (Crypt:1)
  5 torpor snails
  2 smoke demons
  5 gargoyles
  An unseen horror (D:11)
  7 freezing wraiths
  2 rime drakes
  A dire elephant skeleton (Crypt:1)
  A kobold demonologist (D:6)
  An efreet (D:15)
  A redback zombie (Crypt:2)
  40 yaktaurs
  An ice devil (Depths:2)
  A catoblepas zombie (Crypt:2)
  10 komodo dragons
  4 harpy zombies
  6 tengu conjurers
  A tormentor (Zig:13)
  11 tyrant leeches
  A red devil (Depths:2)
  6 guardian mummies (Zig:9)
  3 polar bears
  A spectral harpy (WizLab)
  A bloated husk (Zig:18)
  12 merfolk
  2 human skeletons
  A wind drake (shapeshifter) (D:13)
  2 hellwings (Depths:2)
  5 meliai (D:15)
  A tarantella (Vaults:2)
  13 trolls
  3 harpy skeletons (Crypt:2)
  A blink frog (shapeshifter) (Vaults:3)
  8 dream sheep
  A wind drake (Zig:11)
  59 saltlings (Desolation)
  12 hornets
  11 blink frogs
  A spriggan zombie (WizLab)
  2 snapping turtles (Zig:11)
  An alligator zombie (Crypt:3)
  A vampire (D:13)
  2 air elementals
  Sigmund (D:4)
  A fire dragon skeleton (Crypt:1)
  24 flying skulls
  13 wraiths
  A ynoxinul (Depths:4)
  6 water elementals
  A shadow (D:10)
  13 spriggans
  66 slime creatures
  58 yaks
  6 wyverns
  7 golden eyes
  4 fire elementals
  An alligator skeleton (Crypt:1)
  A hog (Snake:3)
  8 basilisks
  2 neqoxecs
  A redback (Vaults:2)
  A two-headed ogre zombie (Crypt:2)
  Grum (D:8)
  A yaktaur simulacrum (Vaults:4)
  12 vampire mosquitoes
  Menkaure (D:5)
  2 steam dragons
  A glowing shapeshifter zombie (Zig:9)
  A swamp worm (shapeshifter) (Depths:1)
  24 swamp worms
  5 wargs
  55 nagas
  7 hell hounds (D:10)
  An acid dragon (D:12)
  An entropy weaver zombie (Crypt:1)
  18 water moccasins
  A faun skeleton (Crypt:1)
  A deep troll skeleton (Crypt:2)
  3 floating eyes (Depths:2)
  Duvessa (D:7)
  A meliai simulacrum (D:15)
  A sky beast (D:7)
  4 black bears
  10 swamp drakes
  28 orc warriors
  2 ice beasts
  An ice dragon simulacrum (Crypt:2)
  32 ogres
  13 wolves
  A blink frog zombie (Crypt:1)
  An ogre (shapeshifter) (Depths:1)
  4 lemures (D:8)
  15 centaurs
  2 phantoms (D:6)
  A hog skeleton (Crypt:1)
  A human zombie (Vaults:4)
  2 kobold brigands
  Blork the orc (D:4)
  3 gnoll sergeants
  5 earth elementals
  10 bullfrogs
  5 necrophages
  A glowing shapeshifter simulacrum (Depths:3)
  9 scorpions
  5 wights
  A water moccasin zombie (Crypt:1)
  Dowan (D:7)
  A queen bee zombie (Crypt:2)
  14 killer bees
  A shapeshifter skeleton (Crypt:2)
  4 howler monkeys (D:9)
  6 electric eels
  3 crimson imps (Gauntlet)
  4 hounds
  9 orc priests
  3 jellies
  Crazy Yiuf (D:2)
  2 gnoll boudas
  Natasha (thrice) (D:2)
  An iguana (D:5)
  Ijyb (D:5)
  20 orc wizards
  A deep dwarf zombie (Crypt:2)
  An acid dragon skeleton (Crypt:2)
  A hound skeleton (Crypt:2)
  9 mummies
  Robin (D:4)
  17 gnolls
  5 adders
  A steam dragon skeleton (Crypt:1)
  8 white imps
  A worm (D:3)
  2 dart slugs
  77 orcs
  13 endoplasms
  2 giant cockroaches
  9 goblins
  7 hobgoblins
  16 kobolds
  2 quokkas
  3 training dummies (Orc:1)
  9 ball pythons
  4 bats
  4 rats
2697 creatures vanquished.

Vanquished Creatures (others)
  An alligator (Swamp:4)
  A spriggan berserker (Depths:1)
  A goliath frog (Swamp:4)
  2 deep elf zephyrmancers (Elf:1)
  A bloated husk (Swamp:3)
  4 humans (Snake:3)
  A swamp drake (Swamp:4)
  An earth elemental (Zig:21)
  An ufetubus (D:6)
  A kobold (D:6)
  24 foxfires
  370 fulminant prisms
408 creatures vanquished.

Grand Total: 3105 creatures vanquished

Notes
Turn   | Place    | Note
-------+----------+-------------------------------------------
     0 | D:1      | Psyclone the Deep Elf Conjurer began the quest for the Orb.
     0 | D:1      | Reached XP level 1. HP: 10/10 MP: 6/6
    95 | D:1      | Identified 3 scrolls of acquirement
    95 | D:1      | Acquired the +3 Elemental Staff {rElec rF+ rC+ AC+3}
    95 | D:1      | Found the +3 Elemental Staff {rElec rF+ rC+ AC+3}
   205 | D:1      | Acquired the amulet "Earthly Heaven" {Acrobat Fragile rElec
                  | Will+++ MP+9}
   269 | D:1      | Acquired the ring "Axiel" {Will++ MP+9 Str+5 Int+2}
  1057 | D:1      | Reached XP level 2. HP: 15/15 MP: 8/8
  1475 | D:2      | Reached skill level 5 in Conjurations
  1527 | D:2      | Noticed Natasha
  1533 | D:2      | Killed Natasha
  1534 | D:2      | Reached XP level 3. HP: 19/19 MP: 9/9
  1538 | D:2      | Learned a level 2 spell: Searing Ray
  1566 | D:2      | Noticed Natasha
  1571 | D:2      | Killed Natasha
  1584 | D:2      | Noticed Natasha
  1592 | D:2      | Killed Natasha
  1593 | D:2      | Reached XP level 4. HP: 24/24 MP: 10/10
  2075 | D:2      | Found a runed translucent door.
  2076 | D:2      | Noticed Crazy Yiuf
  2522 | D:3      | Found Xyxiz's Assorted Antiques.
  2625 | D:3      | Found Rylak's Book Boutique.
  3232 | D:4      | Reached XP level 5. HP: 28/28 MP: 11/11
  3271 | D:4      | Learned a level 4 spell: Fulminant Prism
  3284 | D:4      | Noticed Blork the orc
  3290 | D:4      | Killed Blork the orc
  3438 | D:4      | Noticed Robin
  3449 | D:4      | Killed Robin
  3610 | D:4      | Reached XP level 6. HP: 24/32 MP: 12/12
  3897 | D:4      | Got the Precepts of Hapless Last Rites
  4058 | D:4      | Noticed Sigmund
  4064 | D:4      | Killed Sigmund
  4065 | D:4      | Reached XP level 7. HP: 36/36 MP: 13/13
  4353 | D:4      | Reached skill level 10 in Conjurations
  4434 | D:4      | Learned a level 4 spell: Iskenderun's Mystic Blast
  4461 | D:5      | Entered Level 5 of the Dungeon
  4594 | D:5      | Reached skill level 1 in Hexes
  4636 | D:5      | Reached skill level 1 in Translocations
  4788 | D:5      | Reached XP level 8. HP: 41/41 MP: 16/16
  4822 | D:5      | Noticed Ijyb
  4827 | D:5      | Killed Ijyb
  4876 | D:5      | Noticed Menkaure
  4898 | D:5      | Killed Menkaure
  4899 | D:5      | Reached skill level 5 in Spellcasting
  4930 | D:5      | Identified the amulet "Deiwnuuf" {Spirit rPois Str+4}
  5257 | D:5      | Found a sacrificial altar of Ru.
  5356 | D:6      | Found a staircase to the Ecumenical Temple.
  5386 | Temple   | Entered the Ecumenical Temple
  5524 | Temple   | Reached skill level 5 in Hexes
  5581 | D:6      | Reached XP level 9. HP: 40/45 MP: 21/21
  5584 | D:6      | Reached skill level 5 in Translocations
  5594 | D:6      | Noticed a kobold demonologist
  5606 | D:6      | Noticed a soul eater
  5607 | D:6      | Killed a kobold demonologist
  5815 | D:6      | Identified the amulet "Giogomotz" {rF+++ Regen+ Str+6
                  | Int+3}
  5832 | D:6      | Reached skill level 1 in Fighting
  6159 | D:6      | Found a burning altar of Makhleb.
  6645 | D:7      | Found a broken altar of Ashenzari.
  6650 | D:7      | Became a worshipper of Ashenzari the Shackled
  6658 | D:7      | Found an opulent altar of Gozag.
  6845 | D:7      | Reached skill level 5 in Fighting
  6914 | D:7      | Noticed Dowan
  6916 | D:7      | Noticed Duvessa
  6922 | D:7      | Killed Duvessa
  6922 | D:7      | Killed Dowan
  6923 | D:7      | Reached XP level 10. HP: 59/59 MP: 25/25
  7033 | D:7      | Found a glowing silver altar of Zin.
  7163 | D:7      | Found a blossoming altar of Fedhas.
  7966 | D:2      | Killed Crazy Yiuf
  8249 | D:8      | Noticed Erica
  8262 | D:8      | Killed Erica
  8586 | D:8      | Found a staircase to the Lair.
  8806 | D:8      | Reached skill level 10 in Spellcasting
  8933 | D:8      | Noticed Pikel
  8936 | D:8      | Noticed Joseph
  8936 | D:8      | Killed Pikel
  8937 | D:8      | Reached XP level 11. HP: 67/68 MP: 28/28
  8947 | D:8      | Killed Joseph
  9124 | D:8      | Noticed Grum
  9128 | D:8      | Killed Grum
  9717 | D:7      | Learned a level 2 spell: Blink
  9723 | D:7      | Learned a level 5 spell: Fireball
  9729 | D:7      | Learned a level 5 spell: Freezing Cloud
  9774 | D:9      | Reached skill level 1 in Shields
  9904 | D:9      | Found a transporter.
  9906 | D:9      | Noticed a two-headed ogre
  9906 | D:9      | Noticed a two-headed ogre
  9907 | D:9      | Found a transporter.
  9907 | D:9      | Noticed BuzzardItera's ghost (journeyman MiBe)
  9909 | D:9      | Noticed a two-headed ogre
  9910 | D:9      | Noticed a two-headed ogre
  9917 | D:9      | Reached skill level 1 in Fire Magic
  9917 | D:9      | Reached skill level 1 in Ice Magic
  9920 | D:9      | Noticed a two-headed ogre
  9953 | D:9      | Reached skill level 1 in Air Magic
 10020 | D:9      | Found an ornate altar of the Wu Jian Council.
 10144 | D:9      | Found a basalt altar of Yredelemnul.
 10813 | D:10     | Entered Level 10 of the Dungeon
 10820 | D:10     | Noticed a two-headed ogre
 10826 | D:10     | Killed a two-headed ogre
 11010 | D:10     | Noticed a hell knight
 11019 | D:10     | Killed a hell knight
 11183 | D:10     | Noticed Harold
 11235 | D:10     | Killed Harold
 12157 | D:10     | Killed a necromancer
 12158 | D:10     | Reached XP level 12. HP: 75/75 MP: 22/30
 12776 | D:11     | Reached skill level 5 in Shields
 12798 | D:11     | Noticed a two-headed ogre
 12805 | D:11     | Killed a two-headed ogre
 12984 | D:11     | Reached skill level 5 in Fire Magic
 13113 | D:11     | Found a staircase to the Orcish Mines.
 13124 | D:11     | Reached skill level 5 in Ice Magic
 13298 | D:11     | Noticed a boulder beetle
 13312 | D:11     | Killed a boulder beetle
 13313 | D:11     | Reached skill level 5 in Air Magic
 13849 | Orc:1    | Entered Level 1 of the Orcish Mines
 13886 | Orc:1    | Noticed an orc high priest
 13900 | Orc:1    | Killed an orc high priest
 13997 | Orc:1    | Noticed a two-headed ogre
 14007 | Orc:1    | Killed a two-headed ogre
 14235 | Orc:1    | Found Lodem's Firing Range.
 14289 | Orc:2    | Entered Level 2 of the Orcish Mines
 14294 | Orc:2    | Found a staircase to the Elven Halls.
 14625 | Orc:2    | Noticed an ogre mage
 14785 | Orc:2    | Noticed a two-headed ogre
 15059 | Orc:1    | You fall into a shaft and drop 1 floor!
 15059 | Orc:2    | Found Enioni's Magic Scroll Emporium.
 15062 | Orc:2    | Noticed a two-headed ogre
 15063 | Orc:2    | Noticed a two-headed ogre
 15064 | Orc:2    | Noticed a stone giant
 15064 | Orc:2    | Noticed a two-headed ogre
 15077 | Orc:2    | Noticed a two-headed ogre
 15077 | Orc:2    | Killed a two-headed ogre
 15078 | Orc:2    | Reached skill level 10 in Translocations
 15078 | Orc:2    | Reached XP level 13. HP: 64/79 MP: 31/31
 15939 | Orc:2    | Reached skill level 5 in Dodging
 16501 | Orc:2    | Killed a stone giant
 16603 | Orc:2    | Found Poenyon's Book Shop.
 16620 | Orc:2    | Found Hoantoc's Assorted Antiques.
 16621 | Orc:2    | Found Nalecwih's Assorted Antiques.
 16879 | Lair:1   | Entered Level 1 of the Lair of Beasts
 17300 | Lair:1   | Noticed Fannar
 17701 | Lair:1   | Killed Fannar
 18650 | Lair:2   | Reached * piety under Ashenzari
 18785 | Lair:2   | Reached XP level 14. HP: 86/86 MP: 32/32
 19879 | Lair:3   | Found a staircase to the Snake Pit.
 20917 | Lair:3   | Found a staircase to the Swamp.
 22279 | Lair:5   | Entered Level 5 of the Lair of Beasts
 22653 | Lair:5   | Learned a level 5 spell: Irradiate
 22661 | Lair:5   | Learned a level 7 spell: Orb of Destruction
 22661 | Lair:5   | Noticed Urug
 22668 | Lair:5   | Killed Urug
 23015 | Lair:5   | Found a staircase to the Slime Pits.
 23311 | Lair:5   | Reached skill level 10 in Fighting
 24039 | D:12     | You fall into a shaft and drop 1 floor!
 24104 | D:13     | Reached XP level 15. HP: 95/95 MP: 35/35
 24407 | D:13     | Found Ciute's Weapon Shoppe.
 24445 | D:13     | Found a gate to the Vaults.
 25629 | D:12     | Found a transporter.
 25633 | D:12     | Found Atixus's Armour Emporium.
 25653 | D:12     | Found a transporter.
 26192 | D:14     | Noticed Josephine
 26195 | D:14     | Killed Josephine
 26389 | D:14     | Learned a level 4 spell: Manifold Assault
 27153 | D:15     | Entered Level 15 of the Dungeon
 27153 | D:15     | Identified the +1 long sword of Articulation {heavy, Str+3}
 27225 | D:15     | Found a gate leading to a gauntlet.
 27319 | Gauntlet | Entered a Gauntlet
 27319 | Gauntlet | Found a transporter.
 27319 | Gauntlet | Found a transporter.
 27395 | Gauntlet | Found a transporter.
 27396 | Gauntlet | Found a transporter.
 27409 | Gauntlet | Found a transporter.
 27409 | Gauntlet | Identified the ring of the Voivode {Drain Str+5 Int+6}
 27409 | Gauntlet | Identified the +7 dagger "Ukli Rol" {freeze, rElec}
 27448 | Gauntlet | Found a transporter.
 27462 | Gauntlet | Found a transporter.
 27481 | Gauntlet | Found a transporter.
 27490 | Gauntlet | Found a transporter.
 27500 | Gauntlet | Found a transporter.
 27515 | Gauntlet | Found a transporter.
 27522 | Gauntlet | Found a transporter.
 27878 | Gauntlet | Reached skill level 1 in Earth Magic
 28060 | Gauntlet | Gained mutation: Your flesh is heat resistant. (rF+)
                  | [potion of mutation]
 28060 | Gauntlet | Gained mutation: You are dopey. (Int -2) [potion of
                  | mutation]
 28060 | Gauntlet | Gained mutation: You are strong-willed. (Will+) [potion of
                  | mutation]
 28061 | Gauntlet | Lost mutation: You are strong-willed. (Will+) [potion of
                  | mutation]
 28061 | Gauntlet | Lost mutation: You are dopey. (Int -2) [potion of mutation]
 28061 | Gauntlet | Gained mutation: You have sharp toenails. [potion of
                  | mutation]
 28061 | Gauntlet | Gained mutation: You expend magic power (3 MP) to
                  | strengthen your wands. [potion of mutation]
 28062 | Gauntlet | Lost mutation: You expend magic power (3 MP) to strengthen
                  | your wands. [potion of mutation]
 28062 | Gauntlet | Lost mutation: Your flesh is heat resistant. (rF+) [potion
                  | of mutation]
 28062 | Gauntlet | Lost mutation: You have sharp toenails. [potion of
                  | mutation]
 28062 | Gauntlet | Gained mutation: Your movements are slightly less
                  | encumbered by armour. (ER -2) [potion of mutation]
 28062 | Gauntlet | Gained mutation: Your natural rate of healing is unusually
                  | fast. [potion of mutation]
 28062 | Gauntlet | Gained mutation: You occasionally shout uncontrollably at
                  | your foes. [potion of mutation]
 28062 | Gauntlet | Gained mutation: You have a pair of small antennae on your
                  | head. [potion of mutation]
 28063 | Gauntlet | Lost mutation: You occasionally shout uncontrollably at
                  | your foes. [potion of mutation]
 28063 | Gauntlet | Lost mutation: Your natural rate of healing is unusually
                  | fast. [potion of mutation]
 28063 | Gauntlet | Gained mutation: Your mind is acute. (Int +4, Str/Dex -1)
                  | [potion of mutation]
 28063 | Gauntlet | Lost mutation: Your movements are slightly less encumbered
                  | by armour. (ER -2) [potion of mutation]
 28063 | Gauntlet | Gained mutation: You have a pair of antennae on your head.
                  | [potion of mutation]
 28063 | Gauntlet | Gained mutation: You expend magic power (3 MP) to
                  | strengthen your wands. [potion of mutation]
 28173 | Gauntlet | Identified the +0 plate armour of Panentheism {Fly rF- MP+9
                  | Int+2}
 28196 | D:15     | Lost mutation: You expend magic power (3 MP) to strengthen
                  | your wands. [potion of mutation]
 28196 | D:15     | Lost mutation: You have a pair of antennae on your head.
                  | [potion of mutation]
 28196 | D:15     | Gained mutation: Your spells are a little easier to cast,
                  | but a little less powerful. [potion of mutation]
 28196 | D:15     | Lost mutation: Your spells are a little easier to cast, but
                  | a little less powerful. [potion of mutation]
 28472 | D:3      | Bought 2 potions of mutation for 368 gold pieces
 28473 | D:3      | Lost mutation: You have a pair of small antennae on your
                  | head. [potion of mutation]
 28473 | D:3      | Lost mutation: Your mind is acute. (Int +4, Str/Dex -1)
                  | [potion of mutation]
 28473 | D:3      | Gained mutation: You are strong-willed. (Will+) [potion of
                  | mutation]
 28473 | D:3      | Gained mutation: You expend magic power (3 MP) to
                  | strengthen your wands. [potion of mutation]
 28890 | Orc:2    | Bought a scroll of enchant armour for 105 gold pieces
 28890 | Orc:2    | Bought a scroll of magic mapping for 105 gold pieces
 28890 | Orc:2    | Bought a scroll of fear for 56 gold pieces
 28890 | Orc:2    | Bought a scroll of fog for 56 gold pieces
 28890 | Orc:2    | Bought a scroll of teleportation for 42 gold pieces
 28890 | Orc:2    | Bought a scroll of teleportation for 42 gold pieces
 29190 | D:15     | Reached skill level 5 in Earth Magic
 30402 | D:15     | Reached XP level 16. HP: 91/101 MP: 37/37
 30462 | D:15     | Found a staircase to the Depths.
 30912 | Snake:1  | Entered Level 1 of the Snake Pit
 30935 | Snake:1  | Found a sparkling altar of Nemelex Xobeh.
 31450 | Snake:1  | Reached ** piety under Ashenzari
 31535 | Snake:1  | Reached skill level 15 in Spellcasting
 31651 | Snake:1  | Found a runed translucent gate.
 31651 | Snake:1  | Found an opulent altar of Gozag.
 31652 | Snake:1  | Found a runed translucent gate.
 31652 | Snake:1  | Found a runed translucent gate.
 31653 | Snake:1  | Found Bemanwom's Assorted Antiques.
 31653 | Snake:1  | Found Gowuir's Assorted Antiques.
 31653 | Snake:1  | Noticed Psyclone's ghost (adept OpVM)
 32293 | D:9      | Reached skill level 15 in Conjurations
 32302 | D:9      | Killed BuzzardItera's ghost
 32585 | Snake:1  | Killed Psyclone's ghost
 33135 | D:12     | Bought a +1 pair of gloves for 161 gold pieces
 33300 | Orc:2    | Bought a runed buckler for 225 gold pieces
 33676 | Snake:2  | Found a blossoming altar of Fedhas.
 33929 | Snake:2  | Noticed Nikola
 33945 | Snake:2  | Killed Nikola
 34295 | Snake:2  | You are sucked into a shaft and drop 1 floor!
 34295 | Snake:3  | Identified the +1 scale mail "Piyrist" {rElec rC++ rCorr
                  | Int-5}
 34308 | Snake:3  | HP: 1/102 [naga sharpshooter/arrow (21)]
 34753 | Snake:2  | Identified the Information on the Weathered Missiles
 35599 | Snake:3  | Noticed Kirke
 35603 | Snake:3  | Killed Kirke
 36290 | Snake:3  | Identified the +0 ring mail "Cygut" {Rampage rF+ rC+}
 36295 | Snake:3  | Reached XP level 17. HP: 89/107 MP: 20/41
 36591 | Snake:3  | Reached skill level 10 in Dodging
 37294 | Snake:4  | Entered Level 4 of the Snake Pit
 37555 | Snake:4  | Found a transporter.
 37555 | Snake:4  | Found a transporter.
 38354 | Snake:4  | Found Walomo's Antique Weapon Emporium.
 40224 | Snake:4  | Got a serpentine rune of Zot
 40431 | Snake:4  | Found a bloodstained altar of Trog.
 40556 | Snake:4  | Identified the amulet of Hard Scrabble {Reflect +Inv Dex+3
                  | SH+5}
 40559 | Snake:4  | Noticed Yfikh's ghost (adept AtFi)
 40700 | Snake:4  | Killed Yfikh's ghost
 41109 | Swamp:1  | Entered Level 1 of the Swamp
 41269 | Swamp:1  | Reached XP level 18. HP: 117/117 MP: 42/42
 41941 | Swamp:1  | Identified the +9 falchion of the Swamp {flame, *Slow Will+
                  | Int+8}
 43294 | Swamp:2  | Identified the +3 robe of the Ladybird {rC+ rN+ Dex+4
                  | Archmagi}
 44123 | Swamp:3  | Identified the +0 leather armour of Painted Brilliance
                  | {Rampage rC++}
 44245 | Swamp:3  | Identified Sif Muna's Directory of Conflagration
 44509 | Swamp:4  | Entered Level 4 of the Swamp
 44931 | Swamp:4  | Reached skill level 10 in Shields
 45316 | Swamp:4  | Noticed the 27-headed Lernaean hydra
 45338 | Swamp:4  | Killed the 27-headed Lernaean hydra
 45383 | Swamp:4  | Got a decaying rune of Zot
 46070 | Elf:1    | Entered Level 1 of the Elven Halls
 46541 | Elf:1    | Reached XP level 19. HP: 88/119 MP: 43/43
 47141 | Elf:1    | Reached *** piety under Ashenzari
 49354 | Elf:2    | Identified the +5 long sword of the Wary Eyes {flame,
                  | rCorr}
 49696 | Elf:2    | Found a runed translucent gate.
 49697 | Elf:2    | Found a runed translucent gate.
 49697 | Elf:2    | Found a runed translucent gate.
 49737 | Elf:2    | Reached skill level 10 in Ice Magic
 49821 | Elf:2    | Reached skill level 10 in Fire Magic
 49821 | Elf:2    | Reached skill level 10 in Earth Magic
 50269 | Elf:2    | Reached skill level 10 in Air Magic
 50538 | Elf:3    | Entered Level 3 of the Elven Halls
 51741 | Elf:3    | Reached **** piety under Ashenzari
 52337 | Elf:3    | Reached XP level 20. HP: 79/131 MP: 26/45
 53171 | Elf:3    | Identified the +4 whip of Lopp {holy, *Corrode Will+ Str+2
                  | Dex+3}
 53173 | Elf:3    | Identified the +2 whip "Davesoso" {heavy, Str+3}
 53181 | Elf:3    | Identified the +5 broad axe of Weiclip {freeze, *Noise
                  | Int+6}
 53181 | Elf:3    | Identified the ring "Pyatull" {rCorr Str+3}
 53181 | Elf:3    | Identified the +5 spear of Fate {protect, *Corrode rF+ rC+
                  | Int+5}
 53181 | Elf:3    | Identified the +6 short sword of Gozag, Threshing {protect,
                  | +Blink Dex+3}
 53283 | Elf:3    | Learned a level 3 spell: Swiftness
 53656 | Vaults:1 | Entered Level 1 of the Vaults
 53852 | Vaults:1 | Found a crumbling gateway.
 53860 | Desolati | Entered the Desolation of Salt
 54225 | Desolati | Identified the +7 chain mail of the Heavens {Int+5}
 54542 | Desolati | Identified Sif Muna's Folio of Chilly Distance
 54688 | Desolati | Identified the Dissertation on Austromancy and
                  | Transmogrification
 55034 | Desolati | Identified the Teachings on Fetid Convocation
 55035 | Desolati | Identified the +9 war axe of Xibrewk {flame, rN+ Dex+3}
 55037 | Desolati | Identified the ring of Rutemix {MP-9 Str+6 Int+8}
 55087 | Desolati | Identified the ring "Poollouk" {rN+ AC+4 Str+4 Dex+4
                  | Stlth-}
 55633 | Desolati | Identified the +7 chain mail of Qeghanetz {rElec}
 55933 | Desolati | Identified the Tractate on Invitation
 55943 | Desolati | Identified the ring of Zin's Approval {rN+ rCorr Int+3}
 56064 | Desolati | Identified the +6 morningstar "Hulk" {holy, Will+ Str+2
                  | Dex+3}
 56064 | Desolati | Found the ring of the Octopus King {Fly HP+2 AC+2 EV+2
                  | SH+2}
 57288 | Vaults:1 | Identified the +1 chain mail of Weightlessness {Int+5}
 57507 | Vaults:1 | Noticed Saint Roka
 57527 | Vaults:1 | Killed Saint Roka
 58220 | Vaults:1 | Reached XP level 21. HP: 135/136 MP: 21/46
 58666 | Vaults:1 | Learned a level 4 spell: Olgreb's Toxic Radiance
 58670 | Vaults:1 | Learned a level 3 spell: Ignite Poison
 58923 | Vaults:2 | Reached skill level 1 in Poison Magic
 59566 | Vaults:2 | Reached skill level 5 in Poison Magic
 59737 | Vaults:2 | Noticed Asterion
 59748 | Vaults:2 | Killed Asterion
 60885 | Vaults:3 | Reached skill level 1 in Transmutations
 61638 | Vaults:3 | Found a staircase to the Crypt.
 61644 | Vaults:3 | Reached skill level 5 in Transmutations
 64856 | Vaults:4 | Reached XP level 22. HP: 144/144 MP: 47/47
 64872 | Vaults:4 | Identified the +1 scale mail "Refa" {Drain rCorr Int+8
                  | SInv}
 65114 | Depths:1 | Entered Level 1 of the Depths
 65114 | Depths:1 | Noticed Mara
 65124 | Depths:1 | Killed Mara
 65348 | Depths:1 | Found a shimmering altar of Xom.
 65393 | Depths:1 | Found a flickering gateway to a bazaar.
 65408 | Bazaar   | Entered a bazaar
 65571 | Bazaar   | Found Reube's Magic Scroll Shoppe.
 65592 | Bazaar   | Found Qekem's Magic Scroll Shoppe.
 65608 | Bazaar   | Found Eledafes's Distillery.
 65631 | Bazaar   | Found Icrotyw's Distillery.
 65700 | Bazaar   | Bought a scroll of blinking for 105 gold pieces
 65700 | Bazaar   | Bought a scroll of teleportation for 42 gold pieces
 65720 | Bazaar   | Bought a scroll of immolation for 48 gold pieces
 65720 | Bazaar   | Bought a scroll of fear for 48 gold pieces
 65720 | Bazaar   | Bought a scroll of immolation for 48 gold pieces
 65720 | Bazaar   | Bought a scroll of enchant armour for 90 gold pieces
 65735 | Bazaar   | Bought a potion of brilliance for 36 gold pieces
 65735 | Bazaar   | Bought a potion of haste for 90 gold pieces
 65735 | Bazaar   | Bought a potion of magic for 72 gold pieces
 65763 | Bazaar   | Bought a potion of magic for 88 gold pieces
 65763 | Bazaar   | Bought a potion of heal wounds for 55 gold pieces
 65763 | Bazaar   | Bought a potion of lignification for 33 gold pieces
 65763 | Bazaar   | Bought a potion of brilliance for 44 gold pieces
 65763 | Bazaar   | Bought a potion of curing for 33 gold pieces
 65763 | Bazaar   | Bought a potion of haste for 110 gold pieces
 65852 | Depths:1 | Reached skill level 15 in Fighting
 66555 | Depths:1 | Lost mutation: You expend magic power (3 MP) to strengthen
                  | your wands. [potion of mutation]
 66555 | Depths:1 | Lost mutation: You are strong-willed. (Will+) [potion of
                  | mutation]
 66555 | Depths:1 | Gained mutation: You are partially covered in iridescent
                  | scales. (AC +2) [potion of mutation]
 66555 | Depths:1 | Gained mutation: You have a somewhat thin skeletal
                  | structure. (Dex +2, Stealth+) [potion of mutation]
 67316 | Depths:1 | Found a gateway to Hell.
 67618 | Depths:2 | Reached XP level 23. HP: 136/152 MP: 50/50
 67620 | Depths:2 | Gained mutation: You are clumsy. (Dex -2) [mutagenic glow]
 67627 | Depths:2 | Gained mutation: You are somewhat resistant to further
                  | mutation. [mutagenic glow]
 67637 | Depths:2 | Gained mutation: Your magical capacity is low. (-10% MP)
                  | [mutagenic glow]
 67818 | Depths:1 | Lost mutation: You are partially covered in iridescent
                  | scales. (AC +2) [potion of mutation]
 67818 | Depths:1 | Lost mutation: You are clumsy. (Dex -2) [potion of
                  | mutation]
 67818 | Depths:1 | Gained mutation: You are partially covered in large bone
                  | plates. (SH +4) [potion of mutation]
 67819 | Depths:1 | Lost mutation: You have a somewhat thin skeletal structure.
                  | (Dex +2, Stealth+) [potion of mutation]
 67819 | Depths:1 | Lost mutation: Your magical capacity is low. (-10% MP)
                  | [potion of mutation]
 68069 | Depths:2 | Found a one-way gateway to a ziggurat.
 69290 | Depths:2 | Learned a level 2 spell: Poisonous Vapours
 69516 | Depths:2 | Found Muuja's Antique Armour Emporium.
 69524 | Depths:2 | Bought a pair of runed boots for 307 gold pieces
 69742 | Depths:2 | Found a one-way gate leading to the halls of Pandemonium.
 70993 | Depths:3 | Learned a level 2 spell: Passwall
 71205 | Depths:3 | Reached XP level 24. HP: 106/157 MP: 11/50
 71382 | Depths:3 | Reached ***** piety under Ashenzari
 71520 | Depths:3 | Identified the Treatise on Talus
 71529 | Depths:3 | Identified the staff of earth "Puqawuis" {rPois Dex+7
                  | Stlth+}
 71919 | Depths:3 | Reached skill level 15 in Dodging
 72214 | Depths:3 | Found Cevvimoq's Magic Scroll Shoppe.
 72227 | Depths:3 | Bought a scroll of blinking for 135 gold pieces
 73056 | Depths:3 | Found a corrupted altar of Lugonu.
 73056 | Depths:3 | Found a one-way gate to the infinite horrors of the Abyss.
 73184 | Depths:3 | Found a portal to a secret trove of treasure.
 73197 | Depths:3 | You paid a toll of 11 potions of heal wounds to enter a
                  | treasure trove
 73198 | Trove    | Entered a treasure trove
 73210 | Trove    | Identified the amulet "Methrifo" {Spirit rElec rF+ rN+
                  | Slay+3}
 73210 | Trove    | Found the amulet of Vitality {RegenMP++ Regen++}
 73214 | Trove    | Identified Sif Muna's Octavo of the Assembled Crypt
 73214 | Trove    | Identified the Secrets of Imprecation and Portals
 73521 | Depths:4 | Entered Level 4 of the Depths
 73525 | Depths:4 | Found Rodaig's Magic Scroll Emporium.
 73954 | Depths:3 | Learned a level 8 spell: Lehudib's Crystal Spear
 73964 | Depths:3 | Learned a level 9 spell: Polar Vortex
 74047 | Depths:4 | Bought a scroll of magic mapping for 187 gold pieces
 74333 | Depths:4 | Reached skill level 15 in Ice Magic
 74415 | Depths:4 | Found an iron altar of Okawaru.
 75033 | Depths:4 | Found an ancient bone altar of Kikubaaqudgha.
 75820 | Depths:4 | Found a gate to the Realm of Zot.
 76291 | Vaults:5 | Entered Level 5 of the Vaults
 76624 | Vaults:5 | Reached XP level 25. HP: 166/166 MP: 51/51
 76671 | Vaults:5 | Found Duuh's Distillery.
 76686 | Vaults:5 | Found Dyanuati's Distillery.
 76694 | Vaults:5 | Bought a potion of heal wounds for 95 gold pieces
 76852 | Vaults:5 | Found Hugoohei's Magic Scroll Shoppe.
 76859 | Vaults:5 | Found Ohuddin's Magic Scroll Boutique.
 77095 | Vaults:5 | Reached skill level 15 in Earth Magic
 77151 | Vaults:5 | Found Peask's Distillery.
 77168 | Vaults:5 | Found Rur Loum's Distillery.
 77725 | Vaults:5 | Noticed Margery
 77846 | Vaults:5 | Killed Margery
 78339 | Vaults:5 | Identified Koqeupp's Precepts of the Igneous Gestalt
 78354 | Vaults:5 | Got a silver rune of Zot
 78355 | Vaults:5 | Noticed a dread lich
 78359 | Vaults:5 | Killed a dread lich
 78563 | Vaults:5 | Identified the +0 hand axe "Gosaclong" {freeze, +Blink
                  | rElec rPois rC-}
 78898 | Vaults:5 | Identified the +0 flail "Siocsezo" {drain, rF+ Str+3}
 78953 | Vaults:5 | Identified the +3 plate armour "Ruasiyzym" {rPois Will-
                  | Dex+2}
 78994 | Vaults:5 | Identified the +3 leather armour of Makhleb, Writhing
                  | {Str+4}
 79140 | Vaults:5 | Noticed Jory
 79146 | Vaults:5 | Killed Jory
 80734 | Slime:1  | Entered Level 1 of the Pits of Slime
 81162 | Slime:5  | Entered Level 5 of the Pits of Slime
 81842 | Slime:5  | Noticed the Royal Jelly
 81849 | Slime:5  | Killed the Royal Jelly
 82202 | Slime:5  | Reached skill level 15 in Air Magic
 82241 | Slime:5  | Identified the ring of the Evening {rF+++ rC+ rCorr Str-4}
 82242 | Slime:5  | Identified the ring "Coda" {rElec rPois Str+6}
 82243 | Slime:5  | Identified the +1 robe of the Vestibule of Hell {+Inv rElec
                  | rC- rCorr}
 82244 | Slime:5  | Found the +11 Singing Sword {sonic wave}
 82381 | Slime:5  | Identified the +5 plate armour of Impressiveness {Contam
                  | Fly Slay+3}
 82401 | Slime:5  | Got a slimy rune of Zot
 83526 | Crypt:1  | Entered Level 1 of the Crypt
 84514 | Crypt:1  | Reached XP level 26. HP: 177/177 MP: 51/51
 84924 | Crypt:2  | Found a magical portal.
 85012 | WizLab   | Entered Borgnjor's Mausoleum
 85769 | WizLab   | Identified the Vademecum on the Summoned Traveller
 86066 | Crypt:2  | Reached skill level 15 in Fire Magic
 87001 | Crypt:3  | Entered Level 3 of the Crypt
 87413 | Zot:1    | Entered Level 1 of the Realm of Zot
 87498 | Zig:1    | Entered Level 1 of a ziggurat
 87522 | Zig:1    | Reached XP level 27. HP: 172/182 MP: 51/51
 87546 | Zig:2    | Entered Level 2 of a ziggurat
 87569 | Zig:3    | Entered Level 3 of a ziggurat
 87572 | Zig:3    | Identified the +9 dagger "Beetlebane" {freeze, rF+ rC+
                  | Dex-4}
 87614 | Zig:4    | Entered Level 4 of a ziggurat
 87616 | Zig:4    | Identified the staff of conjuration "Redebbo" {rElec
                  | Will+++ Str-2 Int+4}
 87650 | Zig:4    | Learned a level 6 spell: Statue Form
 87653 | Zig:5    | Entered Level 5 of a ziggurat
 87909 | Zig:6    | Entered Level 6 of a ziggurat
 87913 | Zig:6    | Identified the staff of air "Kotyis" {rElec Str+3}
 87914 | Zig:6    | Identified the +3 great sword of Subjectivity {freeze, rC+}
 87914 | Zig:6    | Identified the ring of False Pretenses {Will+ Str+4}
 87933 | Zig:7    | Entered Level 7 of a ziggurat
 87939 | Zig:7    | Identified the staff of air "Wusum" {rElec rC- Str+6 Dex+4}
 88289 | Zig:8    | Entered Level 8 of a ziggurat
 88297 | Zig:8    | Identified the +2 robe "Ringy" {rN+++}
 88482 | Zig:9    | Entered Level 9 of a ziggurat
 88489 | Zig:9    | Identified the +8 short sword of Conformity {speed, Dex+3}
 88490 | Zig:9    | Noticed a royal mummy
 88491 | Zig:9    | Identified the +3 falchion of Raakuuko {drain, rN+ Int+3}
 88501 | Zig:9    | Killed a royal mummy
 88795 | Zig:10   | Entered Level 10 of a ziggurat
 88807 | Zig:10   | Identified the staff of fire "Detz" {+Blink rF+ Str-5 Int+2
                  | Dex+3}
 88808 | Zig:10   | Identified the +6 falchion "Dragonbane" {drain, rElec rCorr
                  | Dex+2 SInv}
 88808 | Zig:10   | Found the amulet of the Four Winds {rN+ Will+++ Clar}
 88844 | Zig:11   | Entered Level 11 of a ziggurat
 89043 | Zig:12   | Entered Level 12 of a ziggurat
 89053 | Zig:12   | Noticed a dread lich
 89058 | Zig:12   | Killed a dread lich
 89280 | Zig:13   | Entered Level 13 of a ziggurat
 89294 | Zig:13   | Identified the staff of cold "Zymois" {rF- rC+ Will++ Str+9
                  | Stlth-}
 89294 | Zig:13   | Identified the Quarto of Generative Malevolent Words
 89296 | Zig:13   | Identified the +0 lajatang of Conscience {freeze, rElec
                  | Int+9 Stlth-}
 89301 | Zig:13   | Reached skill level 15 in Shields
 89848 | Zig:14   | Entered Level 14 of a ziggurat
 89866 | Zig:14   | Identified the staff of fire "Epajun" {rElec rF+ Str+4
                  | Dex-5}
 89867 | Zig:14   | Identified the staff of air "Woorgh" {rElec rPois rC- Str+7
                  | Stlth+}
 89870 | Zig:14   | Identified the +7 whip of the Shouting Stoat {venom, Will+}
 90134 | Zig:15   | Entered Level 15 of a ziggurat
 90143 | Zig:15   | Noticed a juggernaut
 90143 | Zig:15   | Noticed a juggernaut
 90145 | Zig:15   | Noticed a juggernaut
 90148 | Zig:15   | Killed a juggernaut
 90148 | Zig:15   | Killed a juggernaut
 90149 | Zig:15   | Killed a juggernaut
 90150 | Zig:15   | Noticed a juggernaut
 90156 | Zig:15   | Killed a juggernaut
 90162 | Zig:15   | Identified the +4 hand axe of Duty {freeze, rElec Will+}
 90163 | Zig:15   | Identified the ring of the Locust {rN+ Str+5 Dex-5 Slay+3}
 90163 | Zig:15   | Identified the +5 falchion of Intumob {elec, rF++}
 90325 | Zig:16   | Entered Level 16 of a ziggurat
 90339 | Zig:16   | Noticed a juggernaut
 90343 | Zig:16   | Noticed a juggernaut
 90344 | Zig:16   | Killed a juggernaut
 90345 | Zig:16   | Noticed a juggernaut
 90349 | Zig:16   | Killed a juggernaut
 90350 | Zig:16   | Noticed a juggernaut
 90350 | Zig:16   | Noticed a juggernaut
 90350 | Zig:16   | Killed a juggernaut
 90351 | Zig:16   | Noticed a juggernaut
 90358 | Zig:16   | Killed a juggernaut
 90358 | Zig:16   | Killed a juggernaut
 90359 | Zig:16   | Killed a juggernaut
 90374 | Zig:16   | Identified the Octavo of the Overhead Pyromaniac
 90375 | Zig:16   | Identified the +6 long sword of Xekov {heavy, rPois Will+
                  | Str+3}
 90376 | Zig:16   | Identified the staff of cold "Koleroc" {rC+ Int+2}
 90376 | Zig:16   | Identified the ring of Mogg {rN+ Str+3}
 90376 | Zig:16   | Identified the staff of death "Mozonit" {*Corrode rC+ rN+
                  | Will++ Int+2}
 90487 | Zig:17   | Entered Level 17 of a ziggurat
 90507 | Zig:17   | Noticed a dread lich
 90507 | Zig:17   | Identified Poumm's Papyrus of Vexing Toxins
 90509 | Zig:17   | Noticed an ancient lich
 90509 | Zig:17   | Identified the +5 war axe "Efaepemp" {venom, rN+ rCorr}
 90509 | Zig:17   | Identified the amulet of Xinuvaj {rN+ Regen+ Str+2}
 90509 | Zig:17   | Identified the Volume of Formation and the Blizzard
 90509 | Zig:17   | Identified the +1 hand axe "Helet" {pain, rC+}
 90511 | Zig:17   | Killed a dread lich
 90513 | Zig:17   | Killed an ancient lich
 90928 | Zig:18   | Entered Level 18 of a ziggurat
 90957 | Zig:18   | Identified the staff of fire "Ecrurpha" {*Corrode rF+ rN+
                  | Dex+3}
 90957 | Zig:18   | Identified the +9 war axe of Accord {spect, rElec rC+
                  | Int+5}
 90957 | Zig:18   | Identified the +3 battleaxe "Vel Luuz" {freeze, *Rage rPois
                  | rCorr SInv}
 91109 | Zig:19   | Entered Level 19 of a ziggurat
 91140 | Zig:19   | Identified the +6 morningstar "Guekhlat" {elec, rC- rN+
                  | Str+3}
 91142 | Zig:19   | Identified the staff of conjuration "Aqoottih" {rPois}
 91475 | Zig:20   | Entered Level 20 of a ziggurat
 91496 | Zig:20   | Noticed a dread lich
 91496 | Zig:20   | Noticed a dread lich
 91496 | Zig:20   | Identified the +0 scale mail of Ketepn {Will+ Int+2}
 91497 | Zig:20   | Noticed an ancient lich
 91497 | Zig:20   | Noticed an ancient lich
 91497 | Zig:20   | Found the +8 storm bow {elec, penet}
 91501 | Zig:20   | Killed a dread lich
 91502 | Zig:20   | Identified the staff of conjuration "Baeckuc" {rElec Str+2}
 91502 | Zig:20   | Identified the +5 whip "Ultimatum" {protect, Str+4 Dex+3}
 91503 | Zig:20   | Killed an ancient lich
 91503 | Zig:20   | Killed a dread lich
 91505 | Zig:20   | Killed an ancient lich
 91968 | Zig:21   | Entered Level 21 of a ziggurat
 91990 | Zig:21   | Killed from afar by a crystal guardian

Illustrated notes

Levels and vault maps discovered:
D:1:      dpeg_arrival_orchard, layout_basic
D:2:      layout_loops_corners, uniq_natasha, uniq_crazy_yiuf_cottage
D:3:      layout_basic, serial_shops, nicolae_shop_stone, shop
D:4:      layout_basic, nicolae_figureground_sparkle, uniq_sigmund, uniq_robin,
          uniq_blork_the_orc
D:5:      layout_cave_pools, nicolae_ru_path_of_blood, minmay_quadrilaterals,
          uniq_menkaure, uniq_ijyb
D:6:      cheibrodos_barr_body, layout_rooms, lemuel_doored_altar,
          minmay_temple_entry_large_hall, hangedman_decor_growths,
          minmay_fractal_squares_gapless_5
D:7:      layout_basic, mainiacjoe_overflow_big_doors, lemuel_tele_altar,
          zin_scriptorium, nicolae_figureground_pulse, uniq_duvessa
D:8:      layout_loops_cross, minmay_lair_entry_grove, serial_demonic,
          serial_demonic_f, serial_demonic_e, serial_demonic_b,
          serial_demonic_d, serial_demonic_g, serial_demonic_f, uniq_pikel,
          uniq_joseph, uniq_grum, uniq_erica
D:9:      layout_irregular_city, mainiacjoe_overflow_catwalk_spiral,
          gammafunk_ghost_smash, serial_bayou_crossing
D:10:     layout_cross, minmay_rotating_lava, uniq_harold
D:11:     layout_cave_pools, david_orc_1_choice
D:12:     layout_rooms, serial_shops, nicolae_shop_drivethru,
          minmay_strange_pillars
D:13:     layout_irregular_city, lightli_vaults_fourway_checkpoint,
          serial_shops, nicolae_shop_temple_entry_statues_fountains
D:14:     layout_roguey, nicolae_titane, uniq_josephine
D:15:     grunt_enter_depths_snipers, layout_long_grid, gauntlet_entry_generic
Temple:   nicolae_temple_great_sept
Lair:1:   layout_cave_pods, beast_lair_carwin_2, serial_bayou_shore_b,
          lemuel_fruit_tree, uniq_fannar
Lair:2:   layout_loops_ring, serial_forest, infiniplex_forest_clump_small,
          infiniplex_forest_lined_1, infiniplex_forest_corner_2,
          infiniplex_forest_lined_4_way, infiniplex_forest_clump_medium,
          infiniplex_forest_clump_large, infiniplex_forest_clump_tiny,
          infiniplex_forest_clump_double, infiniplex_forest_lined_ring,
          infiniplex_forest_clump_small
Lair:3:   layout_small_grid, nicolae_swamp_entry_splash_gauntlet,
          guppyfry_snake_entry_island
Lair:4:   layout_loops_ring, dreamdust_gnoll_shepherd, lemuel_fruit_fields,
          grunt_megastairs_5
Lair:5:   grunt_lair_end_beastmaster, layout_cave_shapes,
          nicolae_slime_entry_slimehenge, uniq_urug
Swamp:1:  layout_basic_swamp, nicolae_swamp_big_swirl
Swamp:2:  layout_basic_swamp, evilmike_swamp_ruin_wall, swamp_pool5
Swamp:3:  layout_basic_swamp, evilmike_swamp_ruin_house_1
Swamp:4:  grunt_swamp_rune_castle, layout_basic_swamp
Snake:1:  layout_gridlike, ebering_ghost_gozag, basic_altar,
          corexii_hall_statues_s, st_stairs_7, drop_trap,
          nicolae_snake_single_loop, serial_bayou_shore_a
Snake:2:  layout_layer_cave, basic_altar, st_stairs_7, uniq_nikola
Snake:3:  nicolae_snake_attic_fulla_snakes, layout_misc_corridors,
          nicolae_snake_squiggles, statue_in_the_mist_lemuel,
          nicolae_snake_omega, serial_bayou_shore_b, grunt_megastairs_3,
          uniq_kirke
Snake:4:  snake_pit, layout_cave_shapes, serial_shops,
          nicolae_shop_hallway_stairs, gammafunk_ghost_wrathful_warriors
Slime:1:  layout_caves
Slime:2:  layout_caves, nicolae_slime_crime_time
Slime:3:  layout_caves
Slime:4:  layout_caves, nicolae_slime_welcoming_committee
Slime:5
Orc:1:    layout_caves, nicolae_shop_firing_range
Orc:2:    st_orc_open, layout_caves, small_statue_alley_c
Elf:1:    eino_elf_arrival_sip, layout_gridlike, minmay_elf_crystal_hexagon
Elf:2:    nicolae_elf_blades_crystal_corner, layout_rooms,
          minmay_checkered_concentric_circles
Elf:3:    minmay_elf_hall_x, layout_geoelf_castle, nicolae_elf_stone_circles
Vaults:1: portal_desolation_entry_garden, nicolae_vaults_closet_pinwheel_3,
          nicolae_vaults_mini_display_case, hangedman_vaults_corner_blocks,
          vaults_mumra_minichess_inversion,
          nicolae_vaults_windows_and_doors_thing, ontoclasm_vaults_fault,
          nicolae_vaults_tangram_2, nicolae_vaults_more_shelving_1,
          vaults_room_grunt_arrival_ludios, nicolae_vaults_trapezoid_lopsided_3,
          vaults_room_semicircle, vaults_room_stairs_pillars,
          nicolae_vaults_diagonal_hallway_9, layout_vaults_ring, uniq_saint_roka
Vaults:2: vaults_room_door_hall, grunt_vaults_swirl, nicolae_vaults_apartment_2,
          ontoclasm_vaults_shuriken, vaults_dpeg_hooks, ontoclasm_vaults_tryst,
          hangedman_vaults_restitches, vaults_mumra_hex,
          hangedman_vaults_restitches, layout_vaults_omnicross, uniq_asterion
Vaults:3: nicolae_vaults_more_shelving_2, nicolae_vaults_ellipses_ellipsis,
          v_misc_22, nicolae_vaults_little_squares_2, st_squares,
          nicolae_vaults_tetromino_L_1, nicolae_vaults_diagonal_hallway_7,
          vaults_room_stairs_pillars, minmay_crypt_entry_simple_sparse,
          nicolae_vaults_little_squares_5, nicolae_vaults_house_1,
          hangedman_vaults_snaps, layout_vaults_maze_snakey
Vaults:4: grunt_vaults_diagonal, nicolae_vaults_stepped_doors,
          vaults_room_hallway, nicolae_vaults_house_2,
          nicolae_vaults_specimen_jars, vaults_room_stairs_pillars,
          nicolae_vaults_gold_heap, ontoclasm_vaults_idyll,
          nicolae_vaults_tetromino_L_1, vaults_room_grid, v_alt_pattern_3,
          v_pattern_1, nicolae_vaults_thirteen_compartments, v_misc_15,
          ontoclasm_vaults_ligature, nicolae_vaults_apartment_1, v_misc_28,
          hangedman_vaults_cutoff, layout_vaults_omnibox
Vaults:5: serial_shops, uniq_margery, uniq_jory
Crypt:1:  layout_misc_corridors, st_stairs_14
Crypt:2:  hangedman_staggered_hall, layout_regular_city,
          infiniplex_enter_wizlab_glasses
Crypt:3:  david_glass_crypt, layout_misc_corridors, tomb_entry_forgotten_bobbens
Depths:1: layout_roguey, serial_shops, bzr_entry_dummy, minmay_misc_feat_cross,
          grunt_hell_horde, chequers_serial_rivers_small_3, xom_confusion_cloud,
          uniq_mara
Depths:2: minmay_firetagon, layout_cave_shapes, enter_ziggurat_d,
          grunt_pan_entry_in_and_out, grunt_hell_entry_dis_old, serial_shops,
          nicolae_shop_tiny_waterfront
Depths:3: nzn_winding_woodlands_stair_trap [nzn_winding_woodlands_5x15_pool,
          nzn_winding_woodlands_5x15_garden,
          nzn_winding_woodlands_5x15_split_checker,
          nzn_winding_woodlands_15x15_five_gardens,
          nzn_winding_woodlands_5x15_jagged,
          nzn_winding_woodlands_5x15_longhouse,
          nzn_winding_woodlands_5x15_pathside_ponds], layout_gridlike,
          serial_shops, nicolae_shop_competitors_out_of_business,
          abyss_entry_flame_altar, nicolae_trove_entry_columns, hell_entry,
          pan_entry, serial_bayou_shore_b
Depths:4: grunt_x_marks_the_spot, layout_cave_shapes, pf_hell_entry_tar_river,
          nicolae_kikubaaqudgha_miasma_corner, serial_shops, shop,
          rand_demon_pan_entry_7, okawaru_ov_weapons_minmay
Zot:1:    layout_twisted_circle
Zig:21

Skill      XL: |  1  2  3  4  5  6  7  8  9 10 11 12 13 14 15 16 17 18 19 20 21 22 23 24 25 26 27 |
---------------+----------------------------------------------------------------------------------+-----
Conjurations   | 5 6 8 9 10 11 12 14 16 18 | 18.5
Hexes          | 2 5 6 7 |  7.0
Translocations | 2 4 6 10 12 | 12.4
Spellcasting   | 4 6 9 11 12 14 16 18 20 | 20.3
Fighting       | 5 8 10 11 12 13 14 15 17 19 | 19.0
Shields        | 4 5 10 17 | 17.0
Fire Magic     | 3 5 6 7 8 11 13 16 | 16.1
Ice Magic      | 3 5 6 7 8 11 13 17 18 20 | 20.3
Air Magic      | 3 5 6 7 8 10 12 13 16 | 16.1
Dodging        | 8 9 13 14 16 17 19 20 | 20.8
Earth Magic    | 7 8 11 13 14 16 | 16.0
Poison Magic   | 9 |  9.0
Transmutations | 9 |  9.0
Stealth        | 6 |  6.6
Armour         | 4 |  4.0

Action                     |  1- 3 |  4- 6 |  7- 9 | 10-12 | 13-15 | 16-18 | 19-21 | 22-24 | 25-27 || total
---------------------------+-------+-------+-------+-------+-------+-------+-------+-------+-------++-------
  Melee: Staff             |       |       |     4 |       |    10 |    44 |    36 |    17 |    12 ||   123
   Cast: Magic Dart        |    26 |    77 |    49 |    42 |    35 |     7 |    27 |     2 |       ||   265
         Searing Ray       |     2 |    15 |    46 |    61 |    21 |     2 |     7 |       |       ||   154
         Fulminant Prism   |       |       |    19 |   144 |   174 |    16 |     9 |    11 |       ||   373
         Blink             |       |       |       |    18 |       |     1 |       |       |       ||    19
         Fireball          |       |       |       |     5 |    16 |     1 |    16 |    17 |       ||    55
         Iskenderun's Myst |       |       |       |    20 |   196 |   201 |   220 |   131 |    76 ||   844
         Freezing Cloud    |       |       |       |     2 |   104 |   309 |   158 |    72 |    10 ||   655
         Orb of Destructio |       |       |       |       |     4 |    56 |    47 |    29 |     2 ||   138
         Irradiate         |       |       |       |       |     6 |    29 |    78 |    28 |     7 ||   148
         Manifold Assault  |       |       |       |       |     2 |     3 |       |     2 |       ||     7
         Ignite Poison     |       |       |       |       |       |       |    80 |   142 |    26 ||   248
         Olgreb's Toxic Ra |       |       |       |       |       |       |    74 |    99 |     6 ||   179
         Poisonous Vapours |       |       |       |       |       |       |       |   121 |    30 ||   151
         Lehudib's Crystal |       |       |       |       |       |       |       |    26 |   162 ||   188
         Polar Vortex      |       |       |       |       |       |       |       |     2 |    74 ||    76
 Invoke: Curse Item        |       |       |       |     1 |     1 |     2 |     3 |     1 |     1 ||     9
  Evoke: Wand              |       |       |       |       |     1 |       |       |       |     1 ||     2
    Use: Scroll            |     3 |       |       |     1 |     7 |     9 |     3 |     6 |     3 ||    32
         Potion            |       |       |       |       |     6 |     6 |       |     5 |     6 ||    23
 Armour: Robe              |     1 |     3 |    20 |    27 |    55 |   116 |    73 |    58 |    38 ||   391
  Dodge: Dodged            |     1 |    28 |   107 |   131 |   200 |   438 |   407 |   200 |   318 ||  1830
  Block: Buckler           |       |       |       |    15 |    50 |   104 |     5 |       |       ||   174
         Kite shield       |       |       |       |       |       |       |   299 |   271 |   357 ||   927
